 Dungeon Crawl Stone Soup version 0.17-a0-1678-g710b578 (webtiles) character file.

823 Leibowitz the Ducker (level 8, -6/48 HPs)
             Began as a Kobold Gladiator on Aug 19, 2015.
             Was a Follower of Okawaru.
             Splashed by a jelly's acid (9 damage)
             ... on level 5 of the Dungeon.
             The game lasted 00:17:22 (4142 turns).

Leibowitz the Ducker (Kobold Gladiator)             Turns: 4142, Time: 00:17:22

Health: -6/48      AC:  1    Str: 19    XL:     8   Next: 17%
Magic:  8/8        EV: 19    Int:  6    God:    Okawaru [*.....]
Gold:   247        SH:  0    Dex: 18    Spells: 0 memorised, 7 levels left

rFire  . . .     SeeInvis .     C - +1 dagger (flame)
rCold  . . .     Clarity  .     b - +0 leather armour
rNeg   . . .     SustAt   .     (shield restricted)
rPois  .         Gourm    .     c - +0 helmet
rElec  .         Spirit   .     (no cloak)
rCorr  .         Warding  .     (no gloves)
rMut   .         Stasis   .     k - +0 pair of boots
MR     .....                    (no amulet)
Stlth  +++.......               (no ring)
                                (no ring)

@: mighty, lethally poisoned (-6 -> -7), corroded equipment, flying, very
slightly contaminated, hasted, very quick, not resistant to hostile
enchantments, fairly stealthy
A: carnivore 3
a: Heroism, Renounce Religion


You were on level 5 of the Dungeon.
You worshipped Okawaru.
Okawaru was aware of your devotion.
You were completely stuffed.

You visited 1 branch of the dungeon, and saw 5 of its levels.

You collected 247 gold pieces.

Inventory:

Hand weapons
 a - a +0 rapier
 m - a +2 dagger of draining
 n - a +1 vampiric falchion
 C - a +1 dagger of flaming (weapon)
Missiles
 d - 2 throwing nets (quivered)
 e - 29 poisoned needles
Armour
 b - a +0 leather armour (worn)
 c - a +0 helmet (worn)
 k - a +0 pair of boots (worn)
Magical devices
 B - a wand of enslavement (8)
Scrolls
 h - 2 scrolls of amnesia {unknown}
 i - 3 scrolls of teleportation {unknown}
 r - 2 scrolls of identify {unknown}
 x - a scroll of noise {unknown}
 y - a scroll of recharging {unknown}
 z - 3 scrolls of remove curse
 A - a scroll of magic mapping {unknown}
Potions
 p - a potion of haste
 u - 2 potions of degeneration {unknown}
 v - 2 potions of flight
 w - a potion of agility {unknown}
 D - a potion of berserk rage {unknown}
Comestibles
 f - 2 meat rations
 l - 2 slices of pizza
 t - 2 beef jerkies
 E - a chunk of flesh


   Skills:
 * Level 4.1 Fighting
 * Level 6.4(6.5) Short Blades
 + Level 0.8(2.6) Long Blades
 - Level 2.6 Throwing
 + Level 1.5 Armour
 * Level 6.8 Dodging
 * Level 5.8 Stealth


You had 7 spell levels left.
You didn't know any spells.

Dungeon Overview and Level Annotations

Branches:
Dungeon (5/15)
 Temple: D:4-7

Altars:
Okawaru
Ru
Xom

Shops:
D:4 :

Annotations:
D:5 Sigmund


Innate Abilities, Weirdness & Mutations

You are small and have problems with some larger weapons.
You are carnivorous and can eat meat at any time.


Message History

The adder closely misses you. The centaur misses you.
You puncture the adder! You burn the adder.
You kill the adder!
Okawaru accepts your kill. The jelly hits you.
You are splashed with acid!
The acid burns!
* * * LOW HITPOINT WARNING * * *
Something completely misses you. The centaur barely misses you.
You closely miss something. The centaur hits you.
* * * LOW HITPOINT WARNING * * *
The jelly misses you.
You barely miss something.
You feel sick. The centaur closely misses you. Something barely misses you.
Drink which item? (? for menu, Esc to quit)
It was a potion of flight.
You feel very buoyant.
You fly up into the air.
The jelly hits you.
* * * LOW HITPOINT WARNING * * *
You are splashed with acid!
The acid burns!
You die...

##.###.##.....#..##..###
#.# #..................
#.##..#..#.........
#....†.............
####..##.#.........
#..##.#......#..
#..##.#.......(.
...##.(Jc.......
.........@{......
.###.##......#.#.# #.
####..>.......
#.#)#.##.#.# ...#.#.# .#
###.#.#.# . #.#.#.# .
#....


You could see a centaur and a jelly.

Vanquished Creatures
  Edmund (D:5)
  An orc warrior (D:3)
  A scorpion (D:4)
  3 hounds (D:4)
  3 orc wizards (D:4)
  Jessica (D:3)
  Terence (D:2)
  2 orc priests
  2 worker ants (D:4)
  5 gnolls
  8 adders
  2 oozes
  An adder skeleton (D:4)
  2 worms
  4 giant geckos
  9 orcs
  2 ball pythons
  7 bats
  11 goblins
  7 hobgoblins
  3 jackals (D:3)
  14 kobolds
  5 giant cockroaches
  5 giant newts
  10 rats
110 creatures vanquished.

Notes
Turn   | Place    | Note
--------------------------------------------------------------
     0 | D:1      | Leibowitz the Kobold Gladiator began the quest for the Orb.
     0 | D:1      | Reached XP level 1. HP: 12/12 MP: 1/1
    97 | D:1      | Reached XP level 2. HP: 17/17 MP: 2/2
   116 | D:1      | You fall through a shaft!
   329 | D:2      | Reached XP level 3. HP: 20/22 MP: 3/3
   350 | D:2      | Reached skill level 1 in Stealth
   745 | D:1      | Reached XP level 4. HP: 27/27 MP: 4/4
  1051 | D:2      | Noticed Terence
  1066 | D:2      | Killed Terence
  1066 | D:2      | Reached skill level 5 in Short Blades
  1249 | D:2      | Found a shimmering altar of Xom.
  1254 | D:2      | Found an iron altar of Okawaru.
  1262 | D:2      | Became a worshipper of Warmaster Okawaru
  1508 | D:2      | Reached skill level 5 in Dodging
  1508 | D:2      | Reached XP level 5. HP: 31/31 MP: 5/5
  1851 | D:3      | Noticed an orc warrior
  1876 | D:3      | Killed an orc warrior
  1876 | D:3      | Reached XP level 6. HP: 13/37 MP: 6/6
  2478 | D:3      | Acquired Okawaru's first power
  2959 | D:3      | Noticed Jessica
  2968 | D:3      | Killed Jessica
  2968 | D:3      | Reached skill level 6 in Dodging
  3385 | D:4      | Reached skill level 1 in Armour
  3385 | D:4      | Reached XP level 7. HP: 41/41 MP: 7/7
  3490 | D:4      | Found a sacrificial altar of Ru.
  3702 | D:4      | Found Niomaitoaf's Book Emporium.
  3873 | D:4      | Reached skill level 5 in Stealth
  4067 | D:5      | Entered Level 5 of the Dungeon
  4085 | D:5      | Noticed Edmund
  4090 | D:5      | Killed Edmund
  4090 | D:5      | Reached XP level 8. HP: 46/48 MP: 8/8
  4117 | D:5      | Noticed Sigmund
  4142 | D:5      | Splashed by a jelly's acid

Vault maps used:
D:1:      dpeg_arrival_prison
D:2:      grunt_temple_overflow_open, amethyst_killhole, uniq_terence
D:3:      wad_crossroads, first_bread, uniq_iyjb, uniq_jessica
D:4:      serial_shops, shop, grunt_ministairs_8, st_stairs_13,
          nicolae_ru_great_annihilating_truth
D:5:      minmay_temple_entry_hall, uniq_sigmund, uniq_edmund

Action                   |  1- 3 |  4- 6 |  7- 9 || total
-------------------------+-------+-------+-------++-------
Melee: Rapier            |    51 |    11 |       ||    62
       Dagger            |    37 |    42 |   119 ||   198
       Falchion          |       |   168 |       ||   168
Throw: Throwing net      |     1 |       |     2 ||     3
  Use: Scroll            |     1 |       |       ||     1
       Potion            |       |     1 |     7 ||     8
 Stab: Sleeping          |     2 |     9 |     5 ||    16
       Held in net/web   |     1 |       |     1 ||     2
       Invisible         |       |     6 |       ||     6
       Paralysed         |       |       |     1 ||     1
  Eat: Chunk             |     8 |    16 |     4 ||    28
